 Dungeon Crawl Stone Soup version 0.17-a0-1691-g18a3847 (console) character file.

71 Monkaria the Scratcher (level 4, -2/21 HPs)
             Began as a Felid Chaos Knight on Aug 20, 2015.
             Killed from afar by an orc wizard (11 damage)
             ... with a puff of flame
             ... on level 3 of the Dungeon.
             The game lasted 00:03:39 (3214 turns).

Monkaria the Scratcher (Felid Chaos Knight)         Turns: 3214, Time: 00:03:40

Health: -2/21      AC:  1    Str:  9    XL:     4   Next: 5%
Magic:  5/5        EV: 22    Int: 13    God:    Xom [..*...]
Gold:   128        SH:  0    Dex: 15    Spells: 0 memorised, 3 levels left
                                        Lives:  0   Deaths: 1

rFire  . . .     SeeInvis +       - Unarmed
rCold  . . .     Clarity  .     (armour unavailable)
rNeg   . . .     SustAt   .     (shield unavailable)
rPois  .         Gourm    .     (helmet unavailable)
rElec  .         Spirit   .     (cloak unavailable)
rCorr  .         Warding  .     (gloves unavailable)
rMut   .         Stasis   .     (boots unavailable)
MR     .....                    (no amulet)
Stlth  ++........               (no ring)
                                c - +4 ring of evasion

@: quick, not resistant to hostile enchantments, unstealthy
A: no armour, no weapons or thrown items, claws 1, fangs 3, see invisible,
carnivore 3, speed 1, shaggy fur 1, slow metabolism 1, sharp paws
a: Renounce Religion


You were on level 3 of the Dungeon.
You worshipped Xom.
You were a toy of Xom.
You were not hungry.

You visited 1 branch of the dungeon, and saw 4 of its levels.

You collected 128 gold pieces.

Inventory:

Jewellery
 c - a +4 ring of evasion (left paw)
 g - an uncursed ring of teleportation
Scrolls
 b - a scroll of identify
 j - a scroll of teleportation
Potions
 d - a potion of degeneration {unknown}
 e - a potion of cure mutation
 i - a potion of cancellation {unknown}
Comestibles
 a - a meat ration
 f - a beef jerky
 h - 2 chunks of flesh


   Skills:
 - Level 3.0 Fighting
 - Level 3.2 Dodging
 + Level 5.5 Unarmed Combat


You had 3 spell levels left.
You didn't know any spells.

Dungeon Overview and Level Annotations

Branches:
Dungeon (4/15)
 Temple: D:4-7

Altars:
Okawaru
Yredelemnul

Shops:
D:4 %

Annotations:
D:3 Gargoyl's ghost, weakling DsAK
D:4 kinazarov's ghost, average DEVM


Innate Abilities, Weirdness & Mutations

You cannot wear armour.
You are incapable of wielding weapons or throwing items.
You have sharp claws.
You have razor-sharp teeth.
You have supernaturally acute eyesight.
You are carnivorous and can eat meat at any time.
You cover ground quickly.
You are covered in fur (AC +1).
You have a slow metabolism.
Your sharp claws are effective at attacking unaware monsters.


Message History

There is an entrance to a sewer on this level.
Hurry and find it before the portal rusts away!
You hear the rapid rusting of a drain nearby.
Level annotation: Gargoyl's ghost, weakling DsAK
Found a pair of gloves.
There is a stone staircase leading down here.
The orc wizard points at you and mumbles some strange words.
The magic dart hits you!
The ooze quivers.
You scratch the orc wizard.
You bite the orc wizard, but do no damage.
The orc wizard is lightly wounded.
The orc wizard hits you with a dagger.
An orc comes into view. It is wielding a short sword.
The orc shouts!
You scratch the orc wizard. You bite the orc wizard.
The orc wizard is severely wounded.
The orc wizard gestures at you while chanting.
The puff of flame hits you!
Ouch! That really hurt!
You die...

##### #######
##..... #..>÷o#
....... #.###.#
.....#
#.###.###..!..#
#.....o<.o...###
.......##..##.....
####...#8.o8#.....
#...J..@......[
###$...>.......
...##8..8#.....
##. ##.(####+#. #.
####


You could see an orc wizard, an ooze and 2 orcs.

Vanquished Creatures
  A worker ant (D:4)
  Robin (D:3)
  2 adders
  An ooze (D:1)
  A worm (D:2)
  3 giant geckos
  2 orcs
  2 giant cockroaches
  6 hobgoblins
  6 jackals
  A quokka (D:2)
  2 ball pythons
  5 bats
  A giant gecko skeleton (D:4)
  3 giant newts
  8 goblins
  5 kobolds
  5 rats
55 creatures vanquished.

Notes
Turn   | Place    | Note
--------------------------------------------------------------
     0 | D:1      | Monkaria the Felid Chaos Knight began the quest for the Orb.
     0 | D:1      | Reached XP level 1. HP: 10/10 MP: 2/2
   107 | D:1      | Reached XP level 2. HP: 5/14 MP: 3/3
   129 | D:1      | XOM: divination: magic mapping
   387 | D:1      | XOM: silly message
   538 | D:1      | Reached skill level 4 in Unarmed Combat
   656 | D:1      | XOM: divination: detect creatures
   785 | D:1      | XOM: harmless Trmt miscast
  1216 | D:1      | XOM: harmless Summ miscast
  1382 | D:2      | XOM: smoke on damage
  1449 | D:1      | XOM: harmless Fire miscast
  1838 | D:2      | Reached XP level 3. HP: 17/17 MP: 4/4
  2027 | D:2      | XOM: silly message
  2042 | D:2      | XOM: medium Divn miscast
  2673 | D:3      | Noticed Robin
  2688 | D:3      | Killed Robin
  2688 | D:3      | Reached skill level 5 in Unarmed Combat
  2688 | D:3      | Reached XP level 4. HP: 21/21 MP: 5/5
  2840 | D:3      | Noticed Gargoyl's ghost (weakling DsAK)
  2918 | D:2      | XOM: confuse monster(s)
  2937 | D:4      | Noticed kinazarov's ghost (average DEVM)
  2961 | D:4      | HP: 1/21 [poisoned by kinazarov's ghost (sting)]
  2962 | D:4      | Killed from afar by kinazarov's ghost
  2963 | D:4      | Reached XP level 3. HP: -5/17 MP: 4/4
  2965 | D:4      | Found an iron altar of Okawaru.
  3007 | D:4      | Found Gulew's Food Shoppe.
  3083 | D:4      | Found a basalt altar of Yredelemnul.
  3095 | D:4      | Reached XP level 4. HP: 21/21 MP: 5/5
  3214 | D:3      | Killed from afar by an orc wizard

Vault maps used:
D:1:      roderic_crop_circles_arrival_small, hangedman_glass_teeth
D:3:      wad_lake_hut, portal_sewer_entry_d, st_stairs_6, uniq_sigmund,
          uniq_robin
D:4:      yredelemnul_altar_generic, serial_shops, kennysheep_mini,
          okawaru_trees_1

Action                   |  1- 3 |  4- 6 || total
-------------------------+-------+-------++-------
Melee: Unarmed           |   145 |    24 ||   169
  Use: Scroll            |     6 |       ||     6
       Potion            |     1 |     1 ||     2
 Stab: Sleeping          |     2 |     1 ||     3
  Eat: Chunk             |    10 |     1 ||    11
